 Dungeon Crawl Stone Soup version 0.27.0-1-g7a089689b8 (webtiles) character file.

Game seed: 16447154743221860515

11559 Malachi the Slicer (level 11, 0/86 HPs)
             Began as a Demonspawn Brigand on Aug 17, 2021.
             Was a Follower of Uskayaw.
             Slain by an ice devil (19 damage)
             ... summoned by a kobold demonologist
             ... on level 10 of the Dungeon.
             The game lasted 00:20:41 (16176 turns).

Malachi the Slicer (Demonspawn Brigand)            Turns: 16176, Time: 00:20:43

Health: 0/86       AC: 14    Str: 11    XL:     11   Next: 50%
Magic:  6/11       EV: 17    Int: 14    God:    Uskayaw [*.....]
Gold:   728        SH:  6    Dex: 19    Spells: 10/10 levels left

rFire    . . .     SeeInvis +   l - +2 dagger (venom)
rCold    . . .     Faith    +   x - +0 buckler
rNeg     . . .     Spirit   .   i - +2 troll leather armour
rPois    .         Reflect  .   (helmet restricted)
rElec    .         Harm     .   k - scarf {repulsion}
rCorr    .         Rampage  .   g - +1 pair of gloves
Will     .....                  w - +2 pair of boots
Stlth    +++++.....             a - amulet of faith
HPRegen  1.24/turn              t - ring of see invisible
MPRegen  0.24/turn              (no ring)

@: repel missiles
A: antennae 2, icy blue scales 1, foul stench 3, magic regeneration, thin
skeletal structure 1
a: Renounce Religion, Stomp


You were on level 10 of the Dungeon.
You worshipped Uskayaw.
Uskayaw was noncommittal.
You visited 2 branches of the dungeon, and saw 11 of its levels.

You collected 728 gold pieces.

Inventory:

Hand Weapons
 h - a +4 short sword of draining
 l - a +2 dagger of venom (weapon)
 u - a +0 short sword of electrocution
Missiles
 d - 43 poisoned darts (quivered)
 e - 4 curare-tipped darts
 q - 2 throwing nets
Armour
 g - a +1 pair of gloves (worn)
 i - a +2 troll leather armour (worn)
 k - a scarf of repulsion (worn)
 w - a +2 pair of boots (worn)
 x - a +0 buckler (worn)
 A - a +2 leather armour of cold resistance
Jewellery
 a - an amulet of faith (around neck)
 p - an amulet of reflection
 t - a ring of see invisible (left hand)
Wands
 s - a wand of iceblast (14)
 y - a wand of flame (20)
Scrolls
 o - 2 scrolls of amnesia
 z - 2 scrolls of teleportation
Potions
 b - 3 potions of might
 c - a potion of cancellation
 f - a potion of curing
 j - a potion of flight
 n - a potion of lignification
 r - a potion of brilliance


   Skills:
 + Level 7.9 Fighting
 + Level 8.8 Short Blades
 + Level 1.8 Throwing
 + Level 4.6 Armour
 + Level 8.7 Dodging
 + Level 8.1 Stealth
 + Level 4.3 Shields
 + Level 1.3 Evocations


You had 10 spell levels left.
You didn't know any spells.
Your spell library contained the following spells:

 Spells                   Type           Power      Damage    Failure   Level
 Beastly Appendage        Tmut           0%         N/A       36%         1
 Magic Dart               Conj           0%         1d3       36%         1
 Sandblast                Erth           0%         2d4       36%         1
 Call Imp                 Summ           0%         N/A       50%         2
 Passwall                 Tmut/Erth      0%         N/A       50%         2
 Wereblood                Tmut           0%         N/A       50%         2
 Mephitic Cloud           Conj/Pois/Air  0%         N/A       73%         3
 Spider Form              Tmut/Pois      0%         N/A       73%         3
 Tukima's Dance           Hex            0%         N/A       73%         3
 Animate Armour           Summ/Erth      0%         N/A       98%         4
 Passage of Golubria      Tloc           N/A        N/A       98%         4
 Blade Hands              Tmut           0%         N/A       100%        5
 Lee's Rapid Deconstruct  Erth           0%         3d5*      100%        5
 Yara's Violent Unravell  Hex/Tmut       0%         3d3       100%        5
 Iron Shot                Conj/Erth      0%         9d1       100%        6


Dungeon Overview and Level Annotations

Branches:
Dungeon (10/15)            Temple (1/1) D:7            Lair (0/6) D:10
    Orc (0/2) D:10

Altars:
Ashenzari
Cheibriados
Dithmenos
Elyvilon
Fedhas
Gozag
Hepliaklqana
Kikubaaqudgha
Makhleb
Nemelex Xobeh
Okawaru
Qazlal
Ru
Sif Muna
Trog
Uskayaw
Vehumet
Wu Jian
Xom
Yredelemnul
Zin
The Shining One
Beogh


Innate Abilities, Weirdness & Mutations

You have a pair of antennae on your head.
You are partially covered in icy blue scales. (AC +2)
You frequently emit foul miasma when damaged in melee.
You regenerate magic rapidly.
You have a somewhat thin skeletal structure. (Dex +2, Stealth+)


Message History

Strange energies course through your body.
The kobold demonologist misses you. You block the ice devil's attack.
The hellwing hits you but does no damage.
The hellwing barely misses you.
The yak is engulfed in dark miasma.
The yak looks as sick as possible!
The yak seems to slow down.
You kill the yak!
Unknown command.
Unknown command.
Okay, then.
Unknown command.
You hit the kobold demonologist.
The kobold demonologist looks as sick as possible!
The kobold demonologist is severely wounded.
The neqoxec hits you!
* * * LOW HITPOINT WARNING * * *
You emit a cloud of foul miasma!
The kobold demonologist hits you but does no damage.
You can now stomp with the beat.
You feel better.
The hellwing looks more healthy.
You block the ice devil's attack. You block the hellwing's attack.
The hellwing closely misses you. The neqoxec closely misses you.
The kobold demonologist hits you but does no damage.
Unknown command.
Aiming: Iceblast
Press: ? - help, Shift-Dir - straight line That beam is likely to hit you.
Continue anyway?
Okay, then.
You hit the kobold demonologist but do no damage.
The kobold demonologist is almost dead.
The ice devil hits you but does no damage.
The hellwing completely misses you. The hellwing hits you.
* * * LOW HITPOINT WARNING * * *
You emit a cloud of foul miasma!
The neqoxec closely misses you.
You miss the kobold demonologist.
The kobold demonologist is almost dead.
The kobold demonologist closely misses you.
The ice devil hits you.
* * * LOW HITPOINT WARNING * * *
The ice devil freezes you!!
You die...

..>.....# #.#...#..##..#≈≈≈.##...
........# #.#####..##..#≈≈≈.##...
.(....[.# #.#.).)..##..'≈≈≈..'...
........# #.#...#..##..#≈≈≈.##...
........# #.#...#..##..#≈≈≈.##...
........###.#...#......#≈≈≈......
........'...#...#......#8≈≈..###'
........#########'##'###########.
######### #..4@4#........# ##..
#/.K3.#........# #..#
#..(..#........# #.##
###################.##
#..........# #..<.. #..........#
#..... #..........# #>....
#......))..### #.....
#......).....####.....


You could see a hellwing (summoned), an ice devil (summoned), a kobold
demonologist (extremely poisoned) and a neqoxec (summoned).

Vanquished Creatures
  A two-headed ogre (D:10)
  Pikel (D:4)
  2 orc knights (D:10)
  An elephant (D:10)
  Joseph (D:7)
  2 komodo dragons (D:10)
  A troll (D:10)
  A meliai zombie (D:10)
  Sigmund (D:4)
  2 shadows (D:10)
  2 basilisks (D:10)
  10 yaks
  4 wyverns
  A vampire (D:10)
  A steam dragon (D:8)
  2 water moccasins
  Duvessa (D:7)
  An ice beast (D:6)
  A sky beast (D:7)
  7 orc warriors
  3 black bears
  An ogre (D:5)
  2 necrophages
  4 lemures (D:3)
  2 phantoms
  3 centaurs
  4 kobold brigands
  4 bullfrogs
  A gnoll sergeant (D:6)
  Dowan (D:7)
  2 scorpions
  A wyvern skeleton (D:5)
  A water moccasin skeleton (D:4)
  A bullfrog zombie (D:5)
  4 centaur zombies
  5 hounds
  10 orc priests
  A bullfrog skeleton (D:5)
  Ijyb (D:5)
  Terence (D:2)
  9 orc wizards
  5 iguanas
  Natasha (twice) (D:2)
  A killer bee zombie (D:9)
  Robin (D:4)
  9 adders
  11 gnolls
  4 white imps
  An adder skeleton (D:4)
  An adder zombie (D:5)
  2 worms
  2 dart slugs
  39 orcs
  7 ball pythons
  5 bats
  5 endoplasms
  5 giant cockroaches
  11 goblins
  14 hobgoblins
  9 jackals
  22 kobolds
  2 quokkas
  4 frilled lizards
  A rat (D:3)
267 creatures vanquished.

Vanquished Creatures (others)
  An orc (D:8)
  A fungus (D:10)
  A plant (D:10)
3 creatures vanquished.

Grand Total: 270 creatures vanquished

Notes
Turn   | Place    | Note
-------+----------+-------------------------------------------
     0 | D:1      | Malachi the Demonspawn Brigand began the quest for the Orb.
     0 | D:1      | Reached XP level 1. HP: 16/16 MP: 1/1
    51 | D:1      | Found a faded altar of an unknown god.
   136 | D:1      | Gained mutation: You may rarely emit foul miasma when
                  | damaged in melee. [demonic ancestry]
   136 | D:1      | Reached XP level 2. HP: 10/22 MP: 2/2
   215 | D:1      | Reached skill level 1 in Dodging
  1013 | D:2      | Noticed Terence
  1017 | D:2      | Killed Terence
  1018 | D:2      | Gained mutation: You regenerate magic rapidly. [demonic
                  | ancestry]
  1018 | D:2      | Reached XP level 3. HP: 27/27 MP: 3/3
  1476 | D:2      | Gained mutation: You are partially covered in icy blue
                  | scales. (AC +2) [demonic ancestry]
  1476 | D:2      | Reached XP level 4. HP: 22/34 MP: 4/4
  1648 | D:2      | Noticed Natasha
  1655 | D:2      | Killed Natasha
  2339 | D:2      | Noticed Natasha
  2348 | D:2      | Killed Natasha
  2349 | D:2      | Gained mutation: You have a pair of small antennae on your
                  | head. [demonic ancestry]
  2349 | D:2      | Reached XP level 5. HP: 31/39 MP: 5/5
  3245 | D:4      | Noticed a lemure
  3245 | D:4      | Noticed a lemure
  3248 | D:4      | Noticed Pikel
  3248 | D:4      | Noticed a lemure
  3248 | D:4      | Noticed a lemure
  3281 | D:3      | Killed a lemure
  3662 | D:4      | Noticed Robin
  3672 | D:4      | Reached skill level 5 in Stealth
  3676 | D:4      | Gained mutation: You sometimes emit foul miasma when
                  | damaged in melee. [demonic ancestry]
  3676 | D:4      | Reached XP level 6. HP: 38/46 MP: 6/6
  3699 | D:4      | Killed Robin
  4560 | D:4      | HP: 1/46 [acid (12)]
  4563 | D:4      | Killed Pikel
  4564 | D:4      | Reached skill level 5 in Short Blades
  4564 | D:4      | Gained mutation: You frequently emit foul miasma when
                  | damaged in melee. [demonic ancestry]
  4564 | D:4      | Reached XP level 7. HP: 9/53 MP: 7/7
  5109 | D:4      | Noticed Sigmund
  5125 | D:4      | Killed Sigmund
  5202 | D:4      | Reached XP level 8. HP: 21/57 MP: 8/8
  6776 | D:5      | Entered Level 5 of the Dungeon
  6832 | D:5      | Reached skill level 5 in Fighting
  6885 | D:5      | Noticed Ijyb
  6896 | D:5      | Killed Ijyb
  7687 | D:5      | Reached skill level 5 in Dodging
  7950 | D:5      | Reached skill level 1 in Evocations
  8356 | D:6      | Reached XP level 9. HP: 68/68 MP: 9/9
  9556 | D:7      | Reached skill level 1 in Armour
  9806 | D:7      | Found a staircase to the Ecumenical Temple.
  9865 | D:7      | Reached skill level 1 in Shields
 10116 | D:7      | Noticed Duvessa
 10116 | D:7      | Noticed Dowan
 10133 | D:7      | Killed Duvessa
 10138 | D:7      | Killed Dowan
 10586 | D:7      | Noticed Joseph
 10608 | D:7      | Killed Joseph
 10910 | Temple   | Entered the Ecumenical Temple
 11273 | Temple   | Became a worshipper of Uskayaw the Reveller
 11304 | D:7      | Reached * piety under Uskayaw
 11310 | D:7      | Reached XP level 10. HP: 31/77 MP: 10/10
 11947 | D:8      | Found an ornate altar of the Wu Jian Council.
 11973 | D:9      | Reached ** piety under Uskayaw
 11986 | D:9      | Reached *** piety under Uskayaw
 12224 | D:9      | Found a shadowy altar of Dithmenos.
 12483 | D:9      | Reached **** piety under Uskayaw
 12488 | D:9      | Reached ***** piety under Uskayaw
 13716 | D:8      | Found an ancient bone altar of Kikubaaqudgha.
 13720 | D:8      | Found a shimmering blue altar of Sif Muna.
 13722 | D:8      | Found a radiant altar of Vehumet.
 14138 | D:10     | Entered Level 10 of the Dungeon
 14720 | D:10     | Found a staircase to the Orcish Mines.
 14789 | D:10     | Noticed an elephant
 14803 | D:10     | Killed an elephant
 14804 | D:10     | Gained mutation: You have a pair of antennae on your head.
                  | [demonic ancestry]
 14804 | D:10     | Reached XP level 11. HP: 64/84 MP: 11/11
 14825 | D:10     | Found a staircase to the Lair.
 15916 | D:10     | Noticed an orc knight
 15937 | D:10     | Killed an orc knight
 16107 | D:10     | Noticed an orc knight
 16114 | D:10     | Killed an orc knight
 16135 | D:10     | Noticed a two-headed ogre
 16152 | D:10     | Killed a two-headed ogre
 16163 | D:10     | Gained mutation: You have a somewhat thin skeletal
                  | structure. (Dex +2, Stealth+) [a neqoxec]
 16176 | D:10     | Slain by an ice devil

Illustrated notes

Levels and vault maps discovered:
D:1:      ebering_hopf_link, layout_basic, ebering_ecumenical_altar_mist,
          hangedman_decor_peaks_small
D:2:      layout_basic, minmay_pentomino_w2, uniq_natasha, uniq_terence
D:3:      layout_loops_cross, grunt_ministairs_14, minmay_misc_feat_cross,
          kennysheep_small_spiral, item_on_display_a
D:4:      layout_basic, uniq_pikel, uniq_robin, uniq_sigmund
D:5:      layout_cave_pools, amcnicky_altar_gilded, grunt_decor_mini_mirrors,
          minmay_misc_feat_more_columns, uniq_ijyb
D:6:      layout_gridville
D:7:      layout_gridville, minmay_temple_entry_tees, david_defended_altar_orc,
          uniq_joseph, uniq_duvessa
D:8:      layout_loops_cross, grunt_temple_overflow_magic_moments,
          nicolae_overflow_hidden_temple
D:9:      layout_rooms, mainiacjoe_overflow_six_doors_small
D:10:     layout_roguey, david_lair_generic, orc_0_dummy, evilmike_minifort
Temple:   regret_index_temple_sphere_string

Skill      XL: |  1  2  3  4  5  6  7  8  9 10 11 |
---------------+----------------------------------+-----
Short Blades   | 2 3 5 6 7 8 |  8.8
Stealth        | 4 5 6 7 8 |  8.1
Dodging        | 1 2 3 4 5 6 7 8 |  8.7
Fighting       | 3 4 5 6 7 |  7.9
Evocations     | 1 |  1.3
Armour         | 3 4 |  4.6
Shields        | 1 3 4 |  4.3
Throwing       | |  1.8

Action                   |  1- 3 |  4- 6 |  7- 9 | 10-12 || total
-------------------------+-------+-------+-------+-------++-------
Melee: Dagger            |   115 |    98 |   512 |   522 ||  1247
       Short sword       |       |   109 |    35 |    33 ||   177
Invok: Stomp             |       |       |       |    14 ||    14
       Line Pass         |       |       |       |     2 ||     2
Evoke: Wand              |       |       |     4 |     3 ||     7
  Use: Potion            |     1 |     4 |     4 |     4 ||    13
       Scroll            |       |     5 |     8 |     7 ||    20
 Stab: Sleeping          |     6 |    11 |     9 |     6 ||    32
       Distracted        |       |       |     1 |       ||     1
       Paralysed         |       |       |       |    10 ||    10
       Confused          |       |       |       |     1 ||     1
Armor: Robe              |    38 |    42 |    31 |       ||   111
       Leather armour    |       |       |    84 |   129 ||   213
       Troll leather arm |       |       |       |    24 ||    24
Dodge: Dodged            |    77 |   107 |   269 |   346 ||   799
       Repelled          |       |     1 |     2 |     1 ||     4
Block: Buckler           |       |       |    36 |   111 ||   147
